 Dungeon Crawl Stone Soup version 0.20-a0-454-g2b43fbb (webtiles) character file.

152 HagarQim the Poker (level 5, -1/41 HPs)
             Began as a Merfolk Skald on Jan 9, 2017.
             Blown up by Ijyb (13 damage)
             ... with a wand of disintegration (?/24)
             ... on level 3 of the Dungeon.
             The game lasted 00:07:27 (1913 turns).

HagarQim the Poker (Merfolk Skald)                  Turns: 1913, Time: 00:07:28

Health: -1/41      AC:  6    Str: 10 (11) XL:     5   Next: 34%
Magic:  6/9        EV: 13    Int: 12      God:
Gold:   64         SH:  0    Dex: 13 (15) Spells: 5/10 levels left

rFire  . . .     SeeInvis .     a - +0 spear
rCold  . . .     Gourm    .     b - +0 leather armour
rNeg   . . .     Faith    .     (no shield)
rPois  .         Spirit   .     p - +1 helmet
rElec  .         Reflect  .     (no cloak)
rCorr  .         Harm     .     (no gloves)
MR     .....                    f - +0 pair of boots
Stlth  +.........               (no amulet)
                                (no ring)
                                (no ring)

@: no status effects
A: change form in water, swift swim, stealthy swim
a: no special abilities


You were on level 3 of the Dungeon.
You were hungry.

You visited 1 branch of the dungeon, and saw 3 of its levels.

You collected 64 gold pieces.

Inventory:

Hand Weapons
 a - a +0 spear (weapon)
Armour
 b - a +0 leather armour (worn)
 e - a +1 pair of boots
 f - a +0 pair of boots (worn)
 o - a +0 buckler
 p - a +1 helmet (worn)
Scrolls
 h - a scroll of blinking {unknown}
 j - 2 scrolls of fear {unknown}
 m - a scroll of amnesia {unknown}
 n - a scroll of identify {unknown}
Books
 c - a book of Battle

   Spells                             Type                      Level
   a - Infusion                       Charms                       1
   b - Shroud of Golubria             Charms/Translocation         2
   c - Song of Slaying                Charms                       2
   d - Spectral Weapon                Hexes/Charms                 3
   e - Regeneration                   Charms/Necromancy            3
Comestibles
 d - a bread ration
 l - a beef jerky
 r - a royal jelly


   Skills:
 + Level 3.0 Fighting
 + Level 4.9 Polearms
 - Level 0.6 Armour
 + Level 3.5 Dodging
 + Level 1.0 Stealth
 * Level 1.3 Shields
 + Level 3.0 Spellcasting
 - Level 3.2 Charms


You had 5 spell levels left.
You knew the following spells:

 Your Spells              Type           Power        Failure   Level  Hunger
g - Shroud of Golubria    Chrm/Tloc      #.........   30%         2    ###....
i - Infusion              Chrm           #...         10%         1    #......
s - Song of Slaying       Chrm           #.......     14%         2    ###....


Dungeon Overview and Level Annotations

Branches:
Dungeon (3/15)

Altars:
Vehumet

Annotations:
D:2 Sigmund
D:3 Ijyb


Message History

Ijyb closely misses you.
You hit Ijyb but do no damage.
Ijyb is almost dead.
Ijyb hits you.
You barely miss Ijyb.
Ijyb is almost dead.
You barely miss Ijyb.
Ijyb is almost dead.
Ijyb hits you but does no damage.
You hit Ijyb.
Ijyb is almost dead.
Ijyb zaps a wand.
You are blasted!
* * * LOW HITPOINT WARNING * * *
You hit Ijyb but do no damage.
Ijyb is almost dead.
Ijyb zaps a wand.
You barely resist. You hit Ijyb but do no damage.
Ijyb is almost dead.
Ijyb zaps a wand.
You are blasted!
You die...

##...[### #..#
#.# #....# #..#
#.# ...### #.##
#.# .... #.# #.#
.... ##.####.#
.....####.......#
.....+...$...####
####g..## #.@.##
#.### #.# #)# #!#
#.# #.# #.# #.#


You could see Ijyb.

Vanquished Creatures
  The ghost of HagarQim the Poker, an amateur MfSk (D:3)
  Robin (D:2)
  An adder (D:3)
  A worm (D:2)
  4 dart slugs
  A leopard gecko (D:2)
  2 ball pythons
  3 bats (D:2)
  8 goblins
  6 hobgoblins
  4 kobolds
  2 frilled lizards
  4 rats
38 creatures vanquished.

Notes
Turn   | Place    | Note
-------+----------+-------------------------------------------
     0 | D:1      | HagarQim the Merfolk Skald began the quest for the Orb.
     0 | D:1      | Reached XP level 1. HP: 16/16 MP: 3/3
   136 | D:1      | Reached XP level 2. HP: 19/23 MP: 5/5
   140 | D:1      | Learned a level 2 spell: Song of Slaying
   143 | D:1      | Learned a level 2 spell: Shroud of Golubria
   810 | D:2      | Reached XP level 3. HP: 27/28 MP: 6/6
  1163 | D:2      | Noticed Robin
  1192 | D:2      | Killed Robin
  1192 | D:2      | Reached skill level 4 in Polearms
  1445 | D:2      | Found a radiant altar of Vehumet.
  1502 | D:2      | Reached XP level 4. HP: 34/34 MP: 7/7
  1556 | D:2      | Noticed Sigmund
  1627 | D:3      | Noticed HagarQim's ghost (amateur MfSk)
  1678 | D:3      | Killed HagarQim's ghost
  1678 | D:3      | Reached skill level 1 in Stealth
  1678 | D:3      | Reached skill level 1 in Shields
  1678 | D:3      | Reached XP level 5. HP: 20/40 MP: 9/9
  1876 | D:3      | Noticed Ijyb
  1913 | D:3      | Blown up by Ijyb

Vault maps used:
D:1:      lightli_arrival_statuegarden, corexii_corridor_pit, dk_noncrumbling_4
D:2:      lemuel_coloured_pillars_altar, first_bread, minmay_strange_pillars,
          uniq_robin, uniq_sigmund
D:3:      lemuel_castle_with_subvaults, uniq_grinder, uniq_jessica,
          uniq_terence, uniq_iyjb

Skill      XL: |  1  2  3  4  5 |
---------------+----------------+-----
Dodging        | 3 |  3.5
Polearms       | 4 |  4.9
Stealth        | 1 |  1.0
Shields        | 1 |  1.3
Spellcasting   | 3 |  3.0
Fighting       | 3 |  3.0
Armour         | |  0.6
Charms         | |  3.2

Action                   |  1- 3 |  4- 6 || total
-------------------------+-------+-------++-------
Melee: Spear             |   136 |   112 ||   248
 Cast: Song of Slaying   |     4 |       ||     4
       Shroud of Golubri |     2 |     4 ||     6
       Infusion          |     1 |     2 ||     3
  Use: Potion            |       |     4 ||     4
 Stab: Sleeping          |     2 |       ||     2
  Eat: Chunk             |     3 |     1 ||     4
Armor: Leather armour    |    33 |    20 ||    53
       Skin              |       |    14 ||    14
Dodge: Dodged            |    60 |    46 ||   106
